 Dungeon Crawl Stone Soup version 0.13.0-59-g13bd910 (webtiles) character file.

130 M4edhros the Ducker (level 4, -2/29 HPs)
             Began as an Octopode Artificer on Nov 18, 2013.
             Slain by a worker ant (6 damage)
             ... on Level 4 of the Dungeon.
             The game lasted 00:01:22 (1363 turns).

M4edhros the Ducker (Octopode Artificer)            Turns: 1363, Time: 00:01:22

HP  -2/29        AC  1     Str  6 (10) XL: 4   Next:  3%
MP   6/6         EV 13     Int 15      God:
Gold 71          SH  0     Dex 12      Spells:  0 memorised,  3 levels left

Res.Fire  : . . .   See Invis. : .   a - +0 short sword
Res.Cold  : . . .   Warding    : .   (no shield)
Life Prot.: . . .   Conserve   : .   (helmet restricted)
Res.Poison: .       Res.Corr.  : .   (no amulet)
Res.Elec. : .       Clarity    : .   (no ring)
Sust.Abil.: . .     Spirit.Shd : .   (no ring)
Res.Mut.  : .       Stasis     : .   (no ring)
Res.Rott. : .       Flight     : .   (no ring)
Saprovore : . . .                    (no ring)
                                     (no ring)
                                     (no ring)
                                     (no ring)

@: mildly poisoned, slightly resistant to hostile enchantments, stealthy
A: almost no armour, amphibious, 8 rings, constrict 8, camouflage 1, AC +1
a: no special abilities


You were on level 4 of the Dungeon.
You were hungry.

You visited 1 branch of the dungeon, and saw 4 of its levels.

You collected 51 gold pieces.

Inventory:

Hand weapons
 a - a +0,+0 short sword (weapon)
 t - a +0,+0 sling
Missiles
 n - 27 sling bullets
 s - 45 stones (quivered)
Magical devices
 b - a wand of flame (15)
 c - a wand of enslavement (15)
 d - a wand of random effects (15)
Comestibles
 f - 2 bread rations
 g - 2 apples
 q - 12 grapes
Scrolls
 e - 3 scrolls of amnesia {unknown}
 h - a scroll of blinking {unknown}
 i - a scroll of remove curse {unknown}
 k - a scroll of magic mapping {unknown}
 l - a scroll of noise {unknown}
 m - a scroll of enchant weapon II {unknown}
 o - 2 scrolls of teleportation {unknown}
 p - a scroll of enchant armour {unknown}
 r - a scroll of curse armour {unknown}


   Skills:
 - Level 1.0 Fighting
 - Level 1.0 Short Blades
 + Level 4.2 Dodging
 - Level 1.3 Stealth
 - Level 3.2 Evocations


You had 3 spell levels left.
You didn't know any spells.

Dungeon Overview and Level Annotations

Branches:
Dungeon (4/27)
 Temple: D:4-7

Altars:


Innate Abilities, Weirdness & Mutations

You cannot wear most types of armour.
You are amphibious.
You can wear up to eight rings at the same time.
You can use your tentacles to constrict many enemies at once.
Your skin changes colour to match your surroundings (Stlth).
Your rubbery body absorbs attacks (AC +1).


Message History

The worker ant is moderately wounded.
You feel sick.
You constrict the worker ant, but do no damage.
The quokka closely misses you. The worker ant completely misses you.
You hit the worker ant but do no damage.
The worker ant is moderately wounded.
You feel sick.
You feel better.
You constrict the worker ant. The quokka misses you. The worker ant bites you.
You are poisoned.
The worker ant poisons you! The worker ant bites you.
* * * LOW HITPOINT WARNING * * *
The quokka bites you.
* * * LOW HITPOINT WARNING * * *
Drink which item? (? for menu, Esc to quit)
There was something very wrong with that liquid!
You feel weakened.
It was a potion of degeneration.
You constrict the worker ant. The worker ant bites you.
You die...

####### #.....#
#.....# #######
####.....+
.......>##..'.....#
.......a@..##.....#
....$..r#####.....#
....... #.....#
#+##### #.....#
#.....# ####'##
###+#### #..# #
#>.....# ##.# #
#......# #.#


You could see a worker ant and a quokka.

Vanquished Creatures
  A worker ant (D:4)
  A worm (D:3)
  A giant gecko (D:1)
  A ball python (D:2)
  4 goblins
  3 hobgoblins
  3 jackals (D:2)
  2 kobolds
  3 quokkas
  7 bats
  2 giant newts
  3 rats
31 creatures vanquished.

Notes
Turn   | Place    | Note
--------------------------------------------------------------
     0 | D:1      | M4edhros, the Octopode Artificer, began the quest for the Orb.
     0 | D:1      | Reached XP level 1. HP: 14/14 MP: 1/1
   168 | D:1      | Reached XP level 2. HP: 17/19 MP: 3/3
   536 | D:2      | Reached XP level 3. HP: 16/24 MP: 4/4
   937 | D:4      | Reached skill level 4 in Dodging
  1264 | D:4      | Reached XP level 4. HP: 27/29 MP: 6/6
  1363 | D:4      | Slain by a worker ant

Action                   |  1- 3 |  4- 6 || total
-------------------------+-------+-------++-------
Melee: Short sword       |    73 |    10 ||    83
  Use: Potion            |     2 |     1 ||     3
 Stab: Sleeping          |     4 |     1 ||     5
